 Dungeon Crawl Stone Soup version 0.28-a0-1632-g283549b12f (console) character file.

Game seed: 7592477423658431787

302 Colgate the Bolt Thrower (level 6, 0/44 HPs)
             Began as a Formicid Hunter on Jan 25, 2022.
             Was an Initiate of Elyvilon.
             Slain by a worm (3 damage)
             ... on level 3 of the Dungeon.
             The game lasted 00:21:25 (3068 turns).

Colgate the Bolt Thrower (Formicid Hunter)          Turns: 3068, Time: 00:21:26

Health: 0/44       AC:  4    Str: 19    XL:     6   Next: 65%
Magic:  6/6        EV: 12    Int: 10    God:    Elyvilon [......]
Gold:   45         SH:  0    Dex: 11    Spells: 5/5 levels left

rFire   . . .      SeeInvis +   b - +0 halberd
rCold   + . .      Faith    .   (no shield)
rNeg    . . .      Spirit   .   k - +2 robe {rC+}
rPois   .          Reflect  .   (helmet unavailable)
rElec   .          Harm     .   (no cloak)
rCorr   .          Rampage  .   (no gloves)
Will    .....                   (no boots)
Stlth   ++........              (no amulet)
HPRegen 0.14/turn               (no ring)
MPRegen 0.10/turn               (no ring)

@: no status effects
A: permanent stasis, dig shafts and tunnels, antennae 3, four strong arms
a: Dig, Shaft Self, Renounce Religion


You were on level 3 of the Dungeon.
You worshipped Elyvilon.
Elyvilon was noncommittal.
You visited 1 branch of the dungeon, and saw 3 of its levels.

You collected 45 gold pieces.

Inventory:

Hand Weapons
 a - a +1 hand crossbow
 b - a +0 halberd (weapon)
Missiles
 d - 10 bolts
 h - 48 stones (quivered)
Armour
 e - a +0 chain mail
 g - a +0 scale mail
 k - a +2 robe of cold resistance (worn)
Wands
 i - a wand of polymorph (7)
Scrolls
 c - 2 scrolls of amnesia
 f - a scroll of silence
Potions
 j - a potion of magic
 l - 2 potions of attraction {unknown}
 m - a potion of degeneration {unknown}


   Skills:
 - Level 2.1 Fighting
 + Level 7.1 Crossbows
 - Level 2.0 Armour
 - Level 1.7 Dodging
 - Level 1.2 Stealth


You had 5 spell levels left.
You didn't know any spells.
Your spell library was empty.

Dungeon Overview and Level Annotations

Branches:
Dungeon (3/15)

Altars:
Elyvilon


Innate Abilities, Weirdness & Mutations

You cannot be hasted, slowed, berserked, paralysed or teleported.
You can dig through walls and to a lower floor.
You have a pair of large antennae on your head. (SInv)
Your four strong arms can wield two-handed weapons with a shield.


Message History

The orc wizard is lightly wounded.
The orc wizard hits you with a +0 dagger.
The orc misses you. The orc wizard barely misses you.
The orc barely misses you.
You barely miss the orc wizard. Your punch misses the orc wizard.
The orc wizard is lightly wounded.
The orc hits you with a +0 falchion.
The orc wizard points at you and mumbles some strange words.
You resist with some effort. The orc closely misses you.
The orc hits you with a +0 falchion.
You barely miss the orc wizard.
The orc wizard is lightly wounded.
The orc wizard hits you but does no damage.
The orc hits you with a +0 whip. The orc hits you with a +0 falchion.
The orc wizard barely misses you. The orc closely misses you.
You closely miss the orc wizard.
The orc wizard is lightly wounded.
The orc hits you but does no damage.
The orc wizard hits you but does no damage.
The orc hits you but does no damage. The orc closely misses you.
The worm misses you.
You barely miss the orc wizard.
The orc wizard is lightly wounded.
The orc wizard hits you but does no damage.
The orc closely misses you. The orc barely misses you.
The orc wizard hits you with a +0 dagger.
The orc misses you. The worm barely misses you.
You closely miss the orc wizard.
The orc wizard is lightly wounded.
The orc barely misses you.
The orc wizard hits you with a +0 dagger.
The orc hits you with a +0 whip. The orc hits you with a +0 falchion.
The worm closely misses you.
You barely miss the orc wizard.
The orc wizard is lightly wounded.
The orc wizard hits you but does no damage.
The orc hits you with a +0 whip.
* * * LOW HITPOINT WARNING * * *
The orc hits you with a +0 falchion!
* * * LOW HITPOINT WARNING * * *
The orc wizard hits you but does no damage.
The orc hits you with a +0 whip.
* * * LOW HITPOINT WARNING * * *
The worm bites you.
You die...

. . . # .## .# ..# { ..#
#.########### o.((#
#...........#######...##
#..............†oo.....#
#...............@o......
.....<......###..w.....#
#...........# #........#
#.######..### ###.######
#.# ##..# ... #.# ##.#
.... #.# .. .... ... #
#... #..


You could see a worm, an orc wizard (invisible) and 2 orcs.

Vanquished Creatures
  Sigmund (D:2)
  Robin (D:2)
  An adder (D:2)
  7 gnolls (D:2)
  A worm (D:3)
  2 dart slugs
  5 ball pythons
  5 endoplasms
  A giant cockroach (D:1)
  10 goblins
  5 hobgoblins
  5 kobolds
  2 bats
  5 frilled lizards
  3 rats
54 creatures vanquished.

Notes
Turn   | Place    | Note
-------+----------+-------------------------------------------
     0 | D:1      | Colgate the Formicid Hunter began the quest for the Orb.
     0 | D:1      | Reached XP level 1. HP: 16/16 MP: 1/1
   222 | D:1      | Reached XP level 2. HP: 22/22 MP: 2/2
  1004 | D:1      | Reached XP level 3. HP: 27/27 MP: 3/3
  1459 | D:2      | Noticed Sigmund
  1479 | D:2      | Killed Sigmund
  1480 | D:2      | Reached skill level 6 in Crossbows
  1480 | D:2      | Reached XP level 4. HP: 11/33 MP: 4/4
  1480 | D:2      | Reached XP level 5. HP: 12/38 MP: 5/5
  1783 | D:2      | Reached XP level 6. HP: 44/44 MP: 6/6
  1800 | D:2      | Reached skill level 1 in Armour
  2139 | D:2      | Reached skill level 7 in Crossbows
  2152 | D:2      | Found a white marble altar of Elyvilon.
  2160 | D:2      | Became a worshipper of Elyvilon the Healer
  2195 | D:2      | Noticed Robin
  2203 | D:2      | Killed Robin
  2602 | D:2      | Found a white marble altar of Elyvilon.
  3068 | D:3      | Slain by a worm

Illustrated notes

Levels and vault maps discovered:
D:1:      lemuel_arrival_lava_pool, layout_loops_corners
D:2:      layout_loops_cross, basic_altar, chequers_jeans, uniq_sigmund,
          uniq_robin
D:3:      layout_rooms, serial_undead, serial_undead_d, serial_undead_f,
          serial_undead_b, serial_undead_b,
          hellmonk_ecumenical_altar_heavens_door, corexii_hall_statues_deadend,
          uniq_grinder, uniq_terence, uniq_crazy_yiuf_cottage

Skill      XL: |  1  2  3  4  5  6 |
---------------+-------------------+-----
Crossbows      | 6 7 |  7.1
Armour         | 2 |  2.0
Fighting       | |  2.1
Dodging        | |  1.7
Stealth        | |  1.2

Action                   |  1- 3 |  4- 6 || total
-------------------------+-------+-------++-------
Melee: Mace              |    54 |     2 ||    56
       Punch             |     3 |       ||     3
       Halberd           |       |    52 ||    52
       Unarmed           |       |    12 ||    12
 Fire: Hand crossbow     |    32 |    23 ||    55
  Use: Scroll            |       |     3 ||     3
 Stab: Sleeping          |     2 |     1 ||     3
Armor: Leather armour    |     7 |       ||     7
       Scale mail        |     8 |       ||     8
       Robe              |       |    23 ||    23
Dodge: Dodged            |    42 |    42 ||    84

Table legend: (Time is in decaauts)
 A = Elapsed time spent in this place.
 B = Non-inter-level travel time spent in this place.
 C = Inter-level travel time spent in this place.
 D = Time resting spent in this place.
 E = Time spent auto-exploring this place.
 F = Levels seen in this place.
 G = Mean time per level.
                   A        B        C        D        E       F      G
               +--------+--------+--------+--------+--------+-----+--------+
         Total |   3101 |   3051 |     50 |      3 |   2007 |   3 | 1033.7 |
       Dungeon |   3101 |   3051 |     50 |      3 |   2007 |   3 | 1033.7 |
               +--------+--------+--------+--------+--------+-----+--------+

Top non-repeatable levels by time:
     D:1: 1652 daAuts
     D:2: 1395 daAuts
     D:3: 53 daAuts
